[Event "ICC tourney 2376 (15 3)"]
[Site "Internet Chess Club"]
[Date "2021.02.06"]
[Round "2"]
[White "akhilsd"]
[Black "bonaparte1984"]
[Result "0-1"]
[ICCResult "White checkmated"]
[WhiteElo "900"]
[BlackElo "1333"]
[Opening "Sicilian: Najdorf, Byrne (English) attack"]
[ECO "B90"]
[NIC "SI.14"]
[Time "12:20:36"]
[PlyCount "128"]
[TimeControl "900+3"]

1. e4 c5 2. Nf3 d6 3. d4 cxd4 4. Nxd4 Nf6 5. Nc3 a6 6. Be3 Nc6 7. Bc4 e6 8.
a4 Be7 9. O-O O-O 10. Qf3 Ne5 11. Qe2 Nxc4 12. Qxc4 Bd7 13. Qe2 Rc8 14. Qf3
Bc6 15. Nxc6 Rxc6 16. Rad1 Qa5 17. Qg3 Kh8 18. Bd2 Qh5 19. Qg5 Qxg5 20.
Bxg5 h6 21. Bh4 Rc4 22. Rfe1 d5 23. exd5 Rxh4 24. dxe6 Bb4 25. exf7 Bxc3
26. bxc3 Rxf7 27. Rd8+ Kh7 28. g3 Rc4 29. Re3 Rxa4 30. h4 Rc4 31. g4 Nxg4
32. Ree8 Kg6 33. Re6+ Nf6 34. h5+ Kxh5 35. Re5+ Kg6 36. Rd3 Kh7 37. Kf1 Ng4
38. Re2 Nh2+ 39. Ke1 Nf3+ 40. Kf1 h5 41. Ree3 Ng5 42. Rd5 Kh6 43. Rd6+ Rf6
44. Rd8 Rcf4 45. Rh8+ Kg6 46. Re2 Nh3 47. Ke1 Rxf2 48. Rxf2 Nxf2 49. Rb8
Rf7 50. Rd8 Ne4 51. Rc8 h4 52. Rh8 Kg5 53. Ke2 Nxc3+ 54. Kd3 Nd5 55. Kd4
Nf4 56. Ke5 g6 57. Ke4 Kg4 58. Ke3 h3 59. Kf2 g5 60. Kg1 Ne2+ 61. Kh2 Rf2+
62. Kh1 Kg3 63. Rxh3+ Kxh3 64. c4 Rf1# { White checkmated } 0-1

[Event "ICC tourney 2376 (15 3)"]
[Site "Internet Chess Club"]
[Date "2021.02.06"]
[Round "3"]
[White "jhong3"]
[Black "bwbingyi"]
[Result "1-0"]
[ICCResult "Black checkmated"]
[WhiteElo "1071"]
[BlackElo "101"]
[Opening "Four knights game"]
[ECO "C47"]
[NIC "KP.06"]
[Time "14:00:31"]
[PlyCount "25"]
[TimeControl "900+3"]

1. e4 e5 2. Nf3 Nc6 3. Nc3 Nf6 4. Bd3 Bb4 5. O-O Bxc3 6. dxc3 O-O 7. Bg5 h6
8. Be3 d5 9. exd5 Nxd5 10. Qd2 Nxe3 11. Qxe3 Bg4 12. Qe4 Bxf3 13. Qh7# {
Black checkmated } 1-0

[Event "ICC tourney 2376 (15 3)"]
[Site "Internet Chess Club"]
[Date "2021.02.06"]
[Round "3"]
[White "coderboy123"]
[Black "Aurex"]
[Result "1-0"]
[ICCResult "Black checkmated"]
[WhiteElo "1241"]
[BlackElo "583"]
[Opening "QGD: Chigorin defense, Janowski variation"]
[ECO "D20"]
[NIC "QG.03"]
[Time "14:00:37"]
[PlyCount "45"]
[TimeControl "900+3"]

1. d4 d5 2. c4 dxc4 3. Nc3 Nc6 4. Nf3 Bg4 5. Bf4 Bxf3 6. exf3 Nxd4 7. Bxc4
Rc8 8. O-O Nc6 9. Qb3 e6 10. Qxb7 Qd7 11. Bb5 Rb8 12. Qxc6 Rxb5 13. Qxd7+
Kxd7 14. Nxb5 Nf6 15. Rfd1+ Ke8 16. Nxc7+ Ke7 17. Bd6+ Kd7 18. Bxf8+ Kxc7
19. Rac1+ Kb6 20. Rd8 Kb5 21. Rb8+ Ka6 22. Rc3 Nd5 23. Ra3# { Black
checkmated } 1-0

[Event "ICC tourney 2376 (15 3)"]
[Site "Internet Chess Club"]
[Date "2021.02.06"]
[Round "3"]
[White "colorcolorcolor"]
[Black "akhilsd"]
[Result "0-1"]
[ICCResult "White checkmated"]
[WhiteElo "101"]
[BlackElo "900"]
[Opening "Four knights: Ranken variation"]
[ECO "C48"]
[NIC "KP.03"]
[Time "14:00:27"]
[PlyCount "56"]
[TimeControl "900+3"]

1. e4 e5 2. Nc3 Nc6 3. Nf3 Nf6 4. Bb5 a6 5. Bxc6 dxc6 6. d3 Bd6 7. Be3 O-O
8. O-O Bg4 9. h3 Bh5 10. Bg5 Be7 11. Qd2 Bxf3 12. gxf3 h6 13. Bxf6 Bxf6 14.
Rfe1 Bg5 15. Qe2 Bf4 16. Kf1 Qh4 17. Reb1 Qxh3+ 18. Ke1 Qh1+ 19. Qf1 Qxf3
20. Ne2 Rad8 21. Nxf4 Qxf4 22. Rd1 c5 23. Rd2 c4 24. Re2 cxd3 25. cxd3 Rxd3
26. Rc2 Qxe4+ 27. Re2 Qb4+ 28. Rd2 Qxd2# { White checkmated } 0-1

[Event "ICC tourney 2376 (15 3)"]
[Site "Internet Chess Club"]
[Date "2021.02.06"]
[Round "3"]
[White "MarcusB"]
[Black "iHasSkill"]
[Result "1-0"]
[ICCResult "Black checkmated"]
[WhiteElo "1343"]
[BlackElo "1197"]
[Opening "QGD Slav: 4.Nc3"]
[ECO "D15"]
[NIC "SL.03"]
[Time "14:00:34"]
[PlyCount "31"]
[TimeControl "900+3"]

1. d4 d5 2. c4 c6 3. Nc3 Nf6 4. Nf3 Bg4 5. Qb3 Bxf3 6. exf3 h6 7. Qxb7 Nbd7
8. Qxc6 Rc8 9. Qa4 e6 10. c5 Rc7 11. Nb5 Nb6 12. Nxc7+ Ke7 13. Qxa7 Nc8 14.
Qb7 Kd7 15. Bb5+ Ke7 16. Nxd5# { Black checkmated } 1-0

[Event "ICC tourney 2376 (15 3)"]
[Site "Internet Chess Club"]
[Date "2021.02.06"]
[Round "3"]
[White "gpost0601"]
[Black "Kinkajou2"]
[Result "0-1"]
[ICCResult "White checkmated"]
[WhiteElo "662"]
[BlackElo "293"]
[Opening "Philidor's defense"]
[ECO "C41"]
[NIC "KP.10"]
[Time "14:00:38"]
[PlyCount "64"]
[TimeControl "900+3"]

1. e4 e5 2. Nf3 d6 3. Bc4 Nf6 4. Nc3 Bg4 5. O-O Be7 6. h3 Bxf3 7. Qxf3 O-O
8. d3 Nc6 9. Be3 Nd4 10. Bxd4 exd4 11. Nd5 Nxd5 12. exd5 Qd7 13. Rae1 Rae8
14. Re4 Bf6 15. Rxe8 Qxe8 16. g3 b5 17. Bb3 a5 18. c3 a4 19. cxd4 axb3 20.
axb3 Bxd4 21. Qf4 Be5 22. Qe4 f5 23. Qf3 f4 24. Rd1 fxg3 25. Qxg3 Bxg3 26.
fxg3 Qf7 27. h4 Qf2+ 28. Kh1 Qf3+ 29. Kh2 Qxd1 30. Kh3 Rf1 31. Kg2 Qf3+ 32.
Kh3 Rh1# { White checkmated } 0-1

[Event "ICC tourney 2376 (15 3)"]
[Site "Internet Chess Club"]
[Date "2021.02.06"]
[Round "3"]
[White "mfranks2021"]
[Black "deadmemes"]
[Result "1-0"]
[ICCResult "Black checkmated"]
[WhiteElo "310"]
[BlackElo "619"]
[Opening "Two knights defense"]
[ECO "C55"]
[NIC "IG.01"]
[Time "14:01:19"]
[PlyCount "47"]
[TimeControl "900+3"]

1. e4 e5 2. Nf3 Nc6 3. Bc4 Nf6 4. O-O d5 5. h3 dxc4 6. Nc3 Bc5 7. d4 exd4
8. Nb5 O-O 9. a4 Nxe4 10. Ra3 Bxa3 11. bxa3 Nc3 12. Qe1 Nxb5 13. Qe2 Nxa3
14. Bg5 Qe7 15. Bxe7 Re8 16. Bg5 Rxe2 17. Nh4 Nxc2 18. Kh2 d3 19. Nf5 d2
20. Ne7+ Nxe7 21. Rd1 Re5 22. Bxd2 Re2 23. Bf4 Re1 24. Rd8# { Black
checkmated } 1-0

[Event "ICC tourney 2376 (15 3)"]
[Site "Internet Chess Club"]
[Date "2021.02.06"]
[Round "3"]
[White "advaysoria"]
[Black "champ201566139"]
[Result "1-0"]
[ICCResult "Black checkmated"]
[WhiteElo "660"]
[BlackElo "264"]
[Opening "English: Sicilian reversed"]
[ECO "A25"]
[NIC "EO.23"]
[Time "14:00:49"]
[PlyCount "85"]
[TimeControl "900+3"]

1. c4 e5 2. Nc3 Nc6 3. e4 Nf6 4. d3 g5 5. Nge2 Nb4 6. g3 d5 7. cxd5 Bg4 8.
Bg2 Nh5 9. O-O Qb8 10. f3 Nxd3 11. Qxd3 Bd7 12. g4 Nf4 13. Nxf4 gxf4 14.
Rd1 Bc5+ 15. Kh1 a6 16. a3 Bb5 17. Qd2 Qd8 18. Nxb5 axb5 19. b4 Bb6 20. Bb2
c5 21. bxc5 Bxc5 22. Bxe5 Rc8 23. Bxh8 Ke7 24. Qb2 Qxh8 25. Qxh8 Rxh8 26.
Rac1 Bxa3 27. Rc3 Bb2 28. Rc2 Ba3 29. Ra2 Bc5 30. Rc1 Bb4 31. Rc7+ Kf6 32.
Rxb7 Rc8 33. Rb6+ Kg5 34. Bf1 Kh4 35. Rh6+ Kg5 36. Rh5+ Kg6 37. Bxb5 Rc1+
38. Kg2 Rc3 39. Ra6+ Kg7 40. Rg5+ Kh8 41. Ra8+ Rc8 42. Rxc8+ Bf8 43. Rxf8#
{ Black checkmated } 1-0

[Event "ICC tourney 2376 (15 3)"]
[Site "Internet Chess Club"]
[Date "2021.02.06"]
[Round "3"]
[White "Switchbored"]
[Black "dakshchamp"]
[Result "1-0"]
[ICCResult "Black checkmated"]
[WhiteElo "913"]
[BlackElo "353"]
[Opening "QGD: Marshall defense"]
[ECO "D06"]
[NIC "QP.08"]
[Time "14:01:19"]
[PlyCount "31"]
[TimeControl "900+3"]

1. d4 d5 2. c4 Nf6 3. Nc3 Nc6 4. e3 Bg4 5. Be2 h5 6. a3 e6 7. Bd2 Bf5 8. h3
Be4 9. Nxe4 Nxe4 10. Nf3 Qf6 11. O-O Na5 12. Bxa5 b6 13. Qa4+ Kd8 14. Bb4
dxc4 15. Ne5 c3 16. Qd7# { Black checkmated } 1-0

[Event "ICC tourney 2376 (15 3)"]
[Site "Internet Chess Club"]
[Date "2021.02.06"]
[Round "3"]
[White "Rhyanma"]
[Black "AchyutE"]
[Result "1-0"]
[ICCResult "Black resigns"]
[WhiteElo "1124"]
[BlackElo "474"]
[Opening "QGA: 3.e4"]
[ECO "D20"]
[NIC "QG.04"]
[Time "14:01:17"]
[PlyCount "57"]
[TimeControl "900+3"]

1. d4 d5 2. c4 dxc4 3. e4 Nf6 4. Nc3 Nc6 5. Be3 e5 6. d5 Nb4 7. Bxc4 Be7 8.
a3 Na6 9. Nf3 O-O 10. Nxe5 Qd6 11. Nf3 Bg4 12. h3 Bxf3 13. Qxf3 c6 14. Bf4
Qd8 15. dxc6 Rc8 16. Bxa6 bxa6 17. c7 Bd6 18. e5 Re8 19. cxd8=Q Rcxd8 20.
O-O Bxe5 21. Bxe5 Rxe5 22. Rfd1 Rxd1+ 23. Rxd1 h5 24. Rd8+ Re8 25. Rxe8+
Nxe8 26. Qxh5 Nf6 27. Qa5 g5 28. Qxg5+ Kh7 29. Qxf6 { Black resigns } 1-0

[Event "ICC tourney 2376 (15 3)"]
[Site "Internet Chess Club"]
[Date "2021.02.06"]
[Round "3"]
[White "Elin123"]
[Black "GrayMatter552"]
[Result "1-0"]
[ICCResult "Black resigns"]
[WhiteElo "917"]
[BlackElo "945"]
[Opening "Pirc defense"]
[ECO "B07"]
[NIC "PU.07"]
[Time "14:00:32"]
[PlyCount "53"]
[TimeControl "900+3"]

1. d4 Nf6 2. Nc3 g6 3. e4 d6 4. Be3 Nbd7 5. Nf3 b6 6. Bd3 e5 7. d5 Bg7 8.
O-O h6 9. Qd2 Nh5 10. Ne2 g5 11. Ng3 Nxg3 12. fxg3 f6 13. Be2 Qe7 14. Qc3
Nf8 15. a4 Ng6 16. a5 Bb7 17. a6 Bc8 18. Qc6+ Qd7 19. Qxa8 O-O 20. Qc6 Qf7
21. b4 Kh7 22. c4 h5 23. Nxg5+ fxg5 24. Rxf7 Rxf7 25. Bxg5 Bd7 26. Qxc7 Be8
27. Qxd6 { Black resigns } 1-0

[Event "ICC tourney 2376 (15 3)"]
[Site "Internet Chess Club"]
[Date "2021.02.06"]
[Round "3"]
[White "JackDarden"]
[Black "RoyWilkes40"]
[Result "0-1"]
[ICCResult "White checkmated"]
[WhiteElo "360"]
[BlackElo "1054"]
[Opening "King's knight's gambit"]
[ECO "C34"]
[NIC "KG.02"]
[Time "14:00:34"]
[PlyCount "76"]
[TimeControl "900+3"]

1. e4 e5 2. f4 exf4 3. Nf3 Bc5 4. d3 Nf6 5. Bxf4 d6 6. Be2 Nc6 7. Nc3 Bg4
8. h3 Bxf3 9. Bxf3 Nd4 10. e5 dxe5 11. Bxb7 exf4 12. Bxa8 Qxa8 13. O-O
Nxc2+ 14. Kh1 Nxa1 15. Qxa1 O-O 16. Rxf4 Nh5 17. Rf5 Ng3+ 18. Kh2 Nxf5 19.
Na4 Ne3 20. Qg1 Bd6+ 21. g3 Qf3 22. Nc3 Bxg3+ 23. Qxg3 Nf1+ 24. Kg1 Qxg3+
25. Kxf1 Re8 26. Ne2 Qxh3+ 27. Ke1 Qe6 28. Kd2 Qxe2+ 29. Kc3 Re3 30. Kc4
Qxd3+ 31. Kb4 Qd4+ 32. Kb5 Re5+ 33. Kc6 Qd5+ 34. Kxc7 Qc5+ 35. Kb7 Re6 36.
b4 Qe7+ 37. Kb8 Rd6 38. b5 Rd8# { White checkmated } 0-1

[Event "ICC tourney 2376 (15 3)"]
[Site "Internet Chess Club"]
[Date "2021.02.06"]
[Round "3"]
[White "PranavNallapeta"]
[Black "GLatham"]
[Result "0-1"]
[ICCResult "White checkmated"]
[WhiteElo "265"]
[BlackElo "440"]
[Opening "Two knights defense"]
[ECO "C55"]
[NIC "IG.01"]
[Time "14:01:19"]
[PlyCount "72"]
[TimeControl "900+3"]

1. e4 e5 2. Nf3 Nc6 3. Bc4 Nf6 4. b4 g6 5. c3 Bg7 6. d4 d6 7. O-O O-O 8.
Nbd2 Ne7 9. d5 c6 10. dxc6 bxc6 11. h3 d5 12. exd5 cxd5 13. Bb3 Ba6 14. c4
Rc8 15. b5 dxc4 16. Bxc4 Bb7 17. Nxe5 Nfd5 18. Bb2 Nf5 19. Bd4 Nxd4 20.
Ndf3 Nxf3+ 21. Qxf3 Rxc4 22. Nxf7 Qd7 23. Rae1 Rxf7 24. Qe2 Rc8 25. b6 axb6
26. a4 Re8 27. Qa2 Rxe1 28. Rxe1 Re7 29. Rxe7 Qxe7 30. f4 Qe1+ 31. Kh2 Bh6
32. g4 Bxf4+ 33. Kg2 Qd2+ 34. Kf3 Qxa2 35. Ke4 Qxa4+ 36. Kd3 Ba6# { White
checkmated } 0-1

[Event "ICC tourney 2376 (15 3)"]
[Site "Internet Chess Club"]
[Date "2021.02.06"]
[Round "3"]
[White "DanilMcQuillin"]
[Black "mewto12345"]
[Result "1-0"]
[ICCResult "Black resigns"]
[WhiteElo "1193"]
[BlackElo "1337"]
[Opening "English: three knights system"]
[ECO "A27"]
[NIC "EO.21"]
[Time "14:00:47"]
[PlyCount "63"]
[TimeControl "900+3"]

1. c4 e5 2. Nc3 Nc6 3. Nf3 Bc5 4. e3 d6 5. d4 exd4 6. exd4 Bb4 7. h3 Nf6 8.
d5 Ne7 9. Qa4+ c6 10. Qxb4 cxd5 11. cxd5 O-O 12. Bc4 Re8 13. O-O Qc7 14.
Nb5 Qb6 15. Qxd6 Qxd6 16. Nxd6 Rd8 17. Nxc8 Raxc8 18. Bb3 Nexd5 19. Bg5 h6
20. Bxf6 Nxf6 21. Rfd1 Re8 22. Rac1 Rb8 23. Rc7 Rf8 24. Ne5 a6 25. Bxf7+
Kh7 26. Bg6+ Kg8 27. Nd7 Rfd8 28. Nxf6+ gxf6 29. Rxd8+ Rxd8 30. Rxb7 Rd6
31. Kh2 Rd5 32. Bf7+ { Black resigns } 1-0

[Event "ICC tourney 2376 (15 3)"]
[Site "Internet Chess Club"]
[Date "2021.02.06"]
[Round "3"]
[White "abasilio5"]
[Black "trosen27"]
[Result "1-0"]
[ICCResult "Black checkmated"]
[WhiteElo "973"]
[BlackElo "1380"]
[Opening "Petrov three knights game"]
[ECO "C26"]
[NIC "VG.04"]
[Time "14:00:27"]
[PlyCount "43"]
[TimeControl "900+3"]

1. e4 e5 2. Nc3 Nf6 3. Nf3 Bd6 4. d3 Nc6 5. Bg5 h6 6. Bxf6 Qxf6 7. Be2 b6
8. O-O Bb7 9. Nd5 Qg6 10. Nh4 Qg5 11. Nf3 Qg6 12. Nh4 Qg5 13. Nf5 O-O 14.
h4 Qd8 15. Bh5 Nd4 16. Qg4 Nxf5 17. exf5 e4 18. dxe4 c5 19. f6 g6 20. Bxg6
Kh8 21. Bh7 Bxd5 22. Qg7# { Black checkmated } 1-0

[Event "ICC tourney 2376 (15 3)"]
[Site "Internet Chess Club"]
[Date "2021.02.06"]
[Round "3"]
[White "t105mm"]
[Black "SlickSmith"]
[Result "1-0"]
[ICCResult "Black checkmated"]
[WhiteElo "1090"]
[BlackElo "1316"]
[Opening "Réti: King's Indian attack"]
[ECO "A05"]
[NIC "QP.11"]
[Time "14:00:37"]
[PlyCount "47"]
[TimeControl "900+3"]

1. Nf3 Nf6 2. g3 g6 3. Bg2 Bg7 4. c4 O-O 5. d3 d5 6. Nbd2 c6 7. O-O Bg4 8.
h3 Be6 9. Re1 Nbd7 10. e4 dxc4 11. Nxc4 Bxc4 12. dxc4 Nb6 13. Qb3 Qc7 14.
Bf4 Qc8 15. e5 Nh5 16. Be3 Bh8 17. Bxb6 axb6 18. Qxb6 Ra6 19. Qb3 Qc7 20.
c5 Rfa8 21. Ng5 Rf8 22. e6 f6 23. Nf7 Ng7 24. Nh6# { Black checkmated } 1-0

[Event "ICC tourney 2376 (15 3)"]
[Site "Internet Chess Club"]
[Date "2021.02.06"]
[Round "3"]
[White "cxusanderson"]
[Black "Jake000"]
[Result "1/2-1/2"]
[ICCResult "Game drawn by mutual agreement"]
[WhiteElo "1197"]
[BlackElo "759"]
[Opening "Giuoco Piano"]
[ECO "C50"]
[NIC "IG.02"]
[Time "14:01:19"]
[PlyCount "94"]
[TimeControl "900+3"]

1. e4 e5 2. Nf3 Nc6 3. Bc4 Bc5 4. O-O Nf6 5. d3 d6 6. h3 h6 7. Nc3 Be6 8.
Bb3 Bb6 9. Be3 O-O 10. d4 exd4 11. Nxd4 Nxd4 12. Bxd4 Bxd4 13. Qxd4 Bxb3
14. axb3 c6 15. e5 dxe5 16. Qxe5 Re8 17. Qg3 Qb6 18. Rfe1 Kf8 19. Na4 Qd4
20. Rad1 Rxe1+ 21. Rxe1 Qd8 22. Qc3 Nd5 23. Qc5+ Kg8 24. c4 Nb6 25. Nxb6
axb6 26. Qe3 Ra2 27. Qc3 Ra8 28. Rf1 Rc8 29. Qc2 Qf6 30. Re1 Qd6 31. Re2
Rd8 32. Re1 Qd2 33. Qb1 Qd7 34. Kh2 Qd6+ 35. Kg1 g6 36. Rf1 Kg7 37. Qc1 Qd2
38. Qb1 Qd3 39. Qa2 Qd7 40. Qb1 Qd3 41. Qc1 Qd2 42. Qa1 Qd7 43. Qa2 Re8 44.
Qb1 Re7 45. Qc1 Re8 46. Qc3+ Kg8 47. Qb4 Qc7 { Game drawn by mutual
agreement } 1/2-1/2

[Event "ICC tourney 2376 (15 3)"]
[Site "Internet Chess Club"]
[Date "2021.02.06"]
[Round "3"]
[White "UnkArjun"]
[Black "anthonyiek"]
[Result "1-0"]
[ICCResult "Black checkmated"]
[WhiteElo "658"]
[BlackElo "1130"]
[Opening "Sicilian: Nimzovich-Rossolimo attack (without ...d6)"]
[ECO "B30"]
[NIC "SI.31"]
[Time "14:00:27"]
[PlyCount "135"]
[TimeControl "900+3"]

1. e4 c5 2. Nf3 Nc6 3. Bb5 a6 4. Bxc6 dxc6 5. Nc3 b5 6. a3 g6 7. b4 cxb4 8.
axb4 Bg7 9. O-O e6 10. d4 Ne7 11. e5 O-O 12. Ne4 Bb7 13. Nc5 Rb8 14. Nxb7
Rxb7 15. Rxa6 Nd5 16. Bd2 Qe7 17. c3 f6 18. exf6 Bxf6 19. Rxc6 Ra7 20. Rc5
Qb7 21. Qe2 Rb8 22. Bg5 Bg7 23. Qxe6+ Qf7 24. Qxd5 Qxd5 25. Rxd5 Rc8 26.
Rd8+ Rxd8 27. Bxd8 h6 28. h3 g5 29. Re1 Ra8 30. Ba5 Rc8 31. Rc1 h5 32. Nxg5
Bxd4 33. Rd1 Bxc3 34. Rd8+ Rxd8 35. Bxd8 Bxb4 36. Kf1 Bc5 37. Ke2 Kf8 38.
Ne6+ Ke8 39. Nxc5 Kxd8 40. Kd3 Kc7 41. Kc3 Kc6 42. Kb4 Kb6 43. g4 hxg4 44.
hxg4 Kc6 45. g5 Kd5 46. f4 Kd6 47. Kxb5 Ke7 48. Kc4 Kf7 49. Kd4 Kg6 50. Ke4
Kf7 51. f5 Kg7 52. Ke5 Kf7 53. f6 Kf8 54. Ke6 Kg8 55. f7+ Kf8 56. Nd7+ Kg7
57. Ke7 Kg6 58. f8=Q Kxg5 59. Qf6+ Kg4 60. Ke6 Kg3 61. Qf5 Kg2 62. Qf4 Kg1
63. Qd2 Kf1 64. Ke5 Kg1 65. Qe2 Kh1 66. Kf4 Kg1 67. Kg3 Kh1 68. Qg2# {
Black checkmated } 1-0

[Event "ICC tourney 2376 (15 3)"]
[Site "Internet Chess Club"]
[Date "2021.02.06"]
[Round "3"]
[White "ZekeMc11"]
[Black "TheInterMitten"]
[Result "1-0"]
[ICCResult "Black checkmated"]
[WhiteElo "1044"]
[BlackElo "188"]
[Opening "QGD"]
[ECO "D51"]
[NIC "QO.16"]
[Time "14:00:39"]
[PlyCount "85"]
[TimeControl "900+3"]

1. d4 d5 2. c4 e6 3. Nc3 Nf6 4. Bg5 Nbd7 5. e3 b6 6. cxd5 exd5 7. Nxd5 Bb7
8. Nxf6+ Nxf6 9. Nf3 h6 10. Bf4 Bd6 11. Bxd6 Qxd6 12. Be2 O-O 13. O-O Ne4
14. Nd2 Qg6 15. Nxe4 Bxe4 16. Bf3 Bc2 17. Qd2 Rad8 18. Rac1 Be4 19. Bxe4
Qxe4 20. Rxc7 Ra8 21. Rfc1 Rfd8 22. Qc2 Qg4 23. h3 Qg5 24. Qe4 Qa5 25. a3
Qd2 26. Qc2 Qa5 27. Qc4 Rf8 28. Qb4 Qf5 29. Re7 Rac8 30. Rxc8 Rxc8 31. Rxa7
Qf6 32. Qe7 Qg6 33. Qd7 Rc1+ 34. Kh2 Rc2 35. Ra8+ Kh7 36. b4 Rxf2 37. Qg4
Qd3 38. Qg3 Re2 39. Re8 Qxa3 40. Qf3 Rc2 41. Qxf7 Qxb4 42. Qf5+ g6 43. Qf7#
{ Black checkmated } 1-0

[Event "ICC tourney 2376 (15 3)"]
[Site "Internet Chess Club"]
[Date "2021.02.06"]
[Round "3"]
[White "NikitaR"]
[Black "shrishri"]
[Result "1-0"]
[ICCResult "Black checkmated"]
[WhiteElo "166"]
[BlackElo "400"]
[Opening "Four knights: Spanish, classical defense"]
[ECO "C48"]
[NIC "KP.03"]
[Time "14:00:39"]
[PlyCount "55"]
[TimeControl "900+3"]

1. e4 e5 2. Nf3 Nc6 3. Bb5 Nf6 4. Nc3 Bc5 5. h3 O-O 6. Bxc6 dxc6 7. d3 Be6
8. O-O Bd4 9. Bd2 Qd6 10. Rb1 Rad8 11. b3 c5 12. Nb5 Qb6 13. c4 a6 14.
Nbxd4 cxd4 15. Nxe5 Rfe8 16. Qf3 c6 17. Qg3 h6 18. Bxh6 Nh5 19. Qg5 g6 20.
f4 Qa5 21. f5 Bd7 22. fxg6 f6 23. Rxf6 Nxf6 24. Qxf6 Qxe5 25. Qf7+ Kh8 26.
g7+ Kh7 27. g8=Q+ Kxh6 28. Qfh7# { Black checkmated } 1-0

[Event "ICC tourney 2376 (15 3)"]
[Site "Internet Chess Club"]
[Date "2021.02.06"]
[Round "3"]
[White "brass60Six"]
[Black "ryc2009"]
[Result "1-0"]
[ICCResult "Black checkmated"]
[WhiteElo "1146"]
[BlackElo "659"]
[Opening "QGA: 3.e4"]
[ECO "D20"]
[NIC "QG.04"]
[Time "14:00:25"]
[PlyCount "93"]
[TimeControl "900+3"]

1. d4 d5 2. c4 dxc4 3. e4 Nf6 4. Nc3 Nc6 5. Nf3 Bg4 6. d5 Nd4 7. Be2 Nxf3+
8. Bxf3 Bxf3 9. Qxf3 e5 10. Bg5 h6 11. Bh4 Be7 12. Qe2 O-O 13. O-O Qd6 14.
Qxc4 Rac8 15. Bxf6 Bxf6 16. Nb5 Qb6 17. Rab1 a6 18. Nc3 c6 19. Qe2 cxd5 20.
Nxd5 Qd6 21. Rfd1 Bg5 22. h3 Rfd8 23. Ne3 Qf6 24. Ng4 Rxd1+ 25. Rxd1 Qc6
26. Nxe5 Qc7 27. Nf3 Bf4 28. g3 Bd6 29. e5 Be7 30. Nd4 Bc5 31. Qe4 Rd8 32.
Rc1 Rxd4 33. Qxd4 Bxd4 34. Rxc7 Bxe5 35. Rxb7 Kh7 36. b4 Kg6 37. Kf1 Kf6
38. Rb6+ Ke7 39. Rxa6 Bxg3 40. fxg3 f6 41. Ke2 g6 42. b5 Ke8 43. b6 Kf8 44.
b7 Ke8 45. b8=Q+ Ke7 46. Qb7+ Ke8 47. Ra8# { Black checkmated } 1-0

[Event "ICC tourney 2376 (15 3)"]
[Site "Internet Chess Club"]
[Date "2021.02.06"]
[Round "3"]
[White "Matthew718"]
[Black "ztraynor"]
[Result "0-1"]
[ICCResult "White resigns"]
[WhiteElo "713"]
[BlackElo "1210"]
[Opening "Dutch defense"]
[ECO "A84"]
[NIC "HD.10"]
[Time "14:00:48"]
[PlyCount "54"]
[TimeControl "900+3"]

1. d4 f5 2. c4 Nf6 3. b3 g6 4. Bb2 Bg7 5. Nf3 O-O 6. e3 Ne4 7. Bd3 b6 8.
O-O Bb7 9. Be2 Nc6 10. Na3 a6 11. Rb1 e6 12. Bd3 d5 13. cxd5 exd5 14. h3
Nb4 15. Ng5 Nxg5 16. Be2 Ne4 17. f3 Ng3 18. Rf2 Nxe2+ 19. Rxe2 Nxa2 20. Ba1
Nb4 21. Qe1 Qd6 22. Qf2 Nd3 23. Qf1 Qxa3 24. Bc3 a5 25. b4 Nxb4 26. Bxb4
axb4 27. Ra1 Qxa1 { White resigns } 0-1

[Event "ICC tourney 2376 (15 3)"]
[Site "Internet Chess Club"]
[Date "2021.02.06"]
[Round "3"]
[White "Kokosnuss1000"]
[Black "e35378"]
[Result "1-0"]
[ICCResult "Black resigns"]
[WhiteElo "1144"]
[BlackElo "1368"]
[Opening "French: exchange variation"]
[ECO "C01"]
[NIC "FR.01"]
[Time "14:00:29"]
[PlyCount "45"]
[TimeControl "900+3"]

1. e4 e6 2. d4 d5 3. exd5 exd5 4. Nf3 Bd6 5. Be2 Nf6 6. O-O O-O 7. Bg5 h6
8. Bh4 Nbd7 9. Nc3 c6 10. Nd2 Qb6 11. Nb3 Re8 12. f4 Ne4 13. Nxe4 dxe4 14.
Re1 f5 15. Bd3 Bxf4 16. Bc4+ Kh8 17. Qh5 Rf8 18. Be7 Nf6 19. Qg6 Qc7 20.
Bxf8 Bxh2+ 21. Kh1 Ng4 22. Rf1 Ne3 23. Bf7 { Black resigns } 1-0

[Event "ICC tourney 2376 (15 3)"]
[Site "Internet Chess Club"]
[Date "2021.02.06"]
[Round "3"]
[White "bonaparte1984"]
[Black "SamPozen"]
[Result "1-0"]
[ICCResult "Black checkmated"]
[WhiteElo "1333"]
[BlackElo "1293"]
[Opening "Sicilian: Najdorf, Byrne (English) attack"]
[ECO "B90"]
[NIC "SI.14"]
[Time "14:00:30"]
[PlyCount "57"]
[TimeControl "900+3"]

1. e4 c5 2. Nf3 d6 3. d4 cxd4 4. Nxd4 Nf6 5. Nc3 a6 6. Be3 e6 7. Bd3 Be7 8.
O-O O-O 9. f4 Nc6 10. Nf3 Bd7 11. e5 Ng4 12. exd6 Nxe3 13. dxe7 Qxe7 14.
Qe2 Nxf1 15. Rxf1 Nb4 16. Bxh7+ Kxh7 17. Ng5+ Kh6 18. Rf3 e5 19. Qf2 exf4
20. Qh4+ Kg6 21. Qh7+ Kxg5 22. Ne4+ Qxe4 23. Qxe4 Rae8 24. Qxf4+ Kh5 25. h3
Re1+ 26. Kf2 Rfe8 27. g4+ Kg6 28. Qxf7+ Kh6 29. Qh5# { Black checkmated }
1-0

[Event "ICC tourney 2376 (15 3)"]
[Site "Internet Chess Club"]
[Date "2021.02.06"]
[Round "3"]
[White "HulkBobster"]
[Black "gravesal33"]
[Result "0-1"]
[ICCResult "White checkmated"]
[WhiteElo "1330"]
[BlackElo "972"]
[Opening "Queen's pawn, Mason variation"]
[ECO "D00"]
[NIC "QP.08"]
[Time "14:00:31"]
[PlyCount "96"]
[TimeControl "900+3"]

1. d4 d5 2. Bf4 e6 3. Nf3 Nf6 4. Nbd2 Be7 5. c4 c6 6. e3 O-O 7. Bd3 Bb4 8.
a3 Bxd2+ 9. Nxd2 Nbd7 10. O-O Nb6 11. f3 Nh5 12. Be5 f6 13. Bf4 Nxf4 14.
exf4 Qc7 15. cxd5 Nxd5 16. g3 Ne3 17. Bxh7+ Kxh7 18. Qb1+ g6 19. Re1 Nf5
20. Kg2 Nxd4 21. Qe4 c5 22. h4 f5 23. Qe3 Nc2 24. Qc3 Nxa1 25. Rxa1 b6 26.
Rh1 Bb7 27. h5 Qc6 28. hxg6+ Kxg6 29. Nc4 Qxf3+ 30. Qxf3 Bxf3+ 31. Kxf3 Rh8
32. Ne5+ Kf6 33. Rd1 Rh2 34. b4 cxb4 35. axb4 Rb2 36. Nc6 a5 37. bxa5 bxa5
38. g4 Rb3+ 39. Kg2 fxg4 40. Ne5 a4 41. Nxg4+ Kf5 42. Nf2 a3 43. Nh3 a2 44.
Ra1 Rb1 45. Rxa2 Rxa2+ 46. Nf2 Kxf4 47. Kh3 Rxf2 48. Kh4 Rh2# { White
checkmated } 0-1

[Event "ICC tourney 2376 (15 3)"]
[Site "Internet Chess Club"]
[Date "2021.02.06"]
[Round "3"]
[White "jrcrawford512"]
[Black "dpanoop"]
[Result "1-0"]
[ICCResult "Black checkmated"]
[WhiteElo "1219"]
[BlackElo "792"]
[Opening "Réti accepted"]
[ECO "A09"]
[NIC "RE.19"]
[Time "14:00:52"]
[PlyCount "69"]
[TimeControl "900+3"]

1. Nf3 d5 2. c4 dxc4 3. Nc3 Nf6 4. e3 Nc6 5. Bxc4 Bf5 6. d4 Qd7 7. O-O
O-O-O 8. Bb5 a6 9. Ba4 Ne4 10. Qb3 Nxc3 11. Qxc3 e6 12. a3 Be7 13. Ne5 Rhf8
14. Nxd7 Rxd7 15. Bxc6 bxc6 16. Qxc6 Rd6 17. Qa4 f6 18. Rd1 e5 19. Bd2 Bd7
20. Qc2 exd4 21. Bb4 Rc6 22. Qd3 Bxb4 23. axb4 Rd8 24. Rxa6 g6 25. Ra8+ Kb7
26. Rxd8 Rd6 27. exd4 f5 28. Ra1 h5 29. Rxd7 Rb6 30. Qc4 Rc6 31. Qg8 Ra6
32. Rxa6 Kxa6 33. Qc4+ Ka7 34. Qxc7+ Ka6 35. Qc6# { Black checkmated } 1-0